cohdb
Replays
Latest Replays
All Replays
Popular Replays
Top Player Replays
Match Explorer
How It Works
Community
CoH3 Stats
Reddit
Sign in to upload your games and track your stats! →
Sign in with Steam
Match 43986729
Unlisted
Match 43986729
Overview
Messages
Build Orders
End
Construct Weapon Support Center
Selects Heavy Weapons
Engineer Squad
M1919 Machine Gun Team
M1919 Machine Gun Team
M1919 Machine Gun Team
Infantry Support Center
Bazooka Squad
Selects Assault Carriers
M3 Assault Carrier
Bazooka Squad
Construct Medical Station
M3 Assault Carrier
Improved M9 Bazooka Rockets
M3 Assault Carrier
Selects Exchangeable Parts
M3 Assault Carrier
Bazooka Squad
Selects M26 Pershing Heavy Tank
Selects M2HB .50cal Heavy Machine Gun
Barbarossa
Stana
0
0
Comments
sign in to comment!
No comments posted yet!